 Dungeon Crawl Stone Soup version 0.32-a0-799-g95e1662365 (webtiles) character file.

Game seed: 2595979604139644038

543 ezpacito the Chopper (level 7, 0/48 HPs)
             Began as a Coglin Chaos Knight on Mar 22, 2024.
             Was a Plaything of Xom.
             Slain by a gnoll
             ... wielding a +0 halberd
              (5 damage)
             ... on level 4 of the Dungeon.
             The game lasted 00:04:08 (3043 turns).

ezpacito the Chopper (Coglin Chaos Knight)          Turns: 3043, Time: 00:04:08

Health: 0/48       AC: 16    Str: 13    XL:     7   Next: 27%
Magic:  8/8        EV:  3    Int: 16    God:    Xom [......]
Gold:   143        SH:  0    Dex: 10    Spells: 6/8 levels left

rFire   . . .        a - +0 hand axe (chaos) {Haruki}
rCold   . . .        q - +0 spear {Gabriela}
rNeg    . . .        u - +3 plate armour
rPois   .            (no helmet)
rElec   .            (no cloak)
rCorr   .            e - +0 pair of gloves
SInv    .            v - +0 pair of boots
Will    +++..        (amulet unavailable) Stlth
                     (ring unavailable)
HPRegen 0.28/turn    (ring unavailable)
MPRegen 0.11/turn    (no gizmo)

%: no passive effects
@: revved
A: off-hand wielding, slow wielding, warmup strikes, no jewellery, clever 1,
clumsy 1, frail 1, strong-willed 3, persistent drain
a: Invent Gizmo, Renounce Religion


You were on level 4 of the Dungeon.
You worshipped Xom.
You were a very special plaything of Xom.
You visited 1 branch of the dungeon, and saw 4 of its levels.

You collected 143 gold pieces.

Inventory:

Hand Weapons
 a - a +0 hand axe of chaos (weapon) {Haruki}
 q - a +0 spear (offhand) {Gabriela}
Missiles
 d - 2 datura-tipped darts (quivered)
Armour
 e - a +0 pair of gloves (worn)
 u - a +3 plate armour (worn)
 v - a +0 pair of boots (worn)
Magical Staves
 p - a staff of earth
Talismans
 n - a flux talisman
 o - a beast talisman
Wands
 D - a wand of digging (7)
Scrolls
 f - a scroll of fog {unknown}
 g - a scroll of fear
 l - a scroll of poison
 m - a scroll of vulnerability
 r - a scroll of noise {unknown}
 s - a scroll of blinking {unknown}
 t - 2 scrolls of teleportation
Potions
 c - a potion of invisibility
 h - a potion of haste
 j - 2 potions of lignification


   Skills:
 * Level 4.3 Fighting
 * Level 4.3(4.5) Axes
 + Level 1.6(3.0) Polearms
 * Level 3.2 Armour
 * Level 2.6 Dodging
 + Level 1.8 Stealth
 + Level 1.3 Spellcasting
 + Level 2.2 Evocations


You had 6 spell levels left.
You knew the following spells:

 Your Spells              Type           Power      Damage    Failure   Level
b - Blink                 Tloc           2%         N/A       100%        2

Your spell library contained the following spells:

 Spells                   Type           Power      Damage    Failure   Level
 Lesser Beckoning         Tloc           2%         N/A       100%        2
 Momentum Strike          Conj/Tloc      2%         3d8       100%        2


Dungeon Overview and Level Annotations

Branches:
Dungeon (4/15)
 Temple: D:4-7

Altars:
Yredelemnul


Innate Abilities, Weirdness & Mutations

You can wield a second weapon in your off-hand.
It takes a long time for you to wield or remove held weapons.
Your first few attacks do less damage.
You cannot equip rings or amulets.
Your mind is acute. (Int +4, Str/Dex -1)
You are clumsy. (Dex -2)
You are frail. (-10% HP)
You are extremely strong-willed. (Will+++)
Your health recovers twice as slowly from being drained.


Message History

You hit the gnoll with your +0 hand axe of chaos.
The gnoll hits you but does no damage.
The gnoll hits you from afar with a +0 halberd!
The gnoll hits you but does no damage.
You take 7 damage, and have 30/48 hp.
You hit the gnoll with your +0 spear.
You kill the gnoll!
You hit the gnoll with your +0 hand axe of chaos.
The gnoll convulses.
The gnoll hits you from afar with a +0 halberd.
The gnoll hits you with a +0 halberd.
You take 7 damage, and have 23/48 hp.
The gnoll hits you with a +0 halberd.
Things that are here:
a +0 whip; 5 stones You take 5 damage, and have 18/48 hp.
You hit the gnoll with your +0 hand axe of chaos.
The gnoll is lightly wounded.
You hit the gnoll but do no damage. The gnoll hits you but does no damage.
The gnoll hits you from afar with a +0 halberd.
* * * LOW HITPOINT WARNING * * *
You take 4 damage, and have 14/48 hp.
You closely miss the gnoll with your +0 hand axe of chaos.
The gnoll is lightly wounded.
You barely miss the gnoll with your +0 spear.
The gnoll barely misses you. The gnoll hits you but does no damage.
You hit the gnoll with your +0 hand axe of chaos.
You freeze the gnoll.
The gnoll is severely wounded.
You hit the gnoll with your +0 spear. The gnoll hits you with a +0 halberd!
* * * LOW HITPOINT WARNING * * *
The gnoll hits you but does no damage.
You take 10 damage, and have 4/48 hp.
MASSIVE DAMAGE!!
Okay, then.
You hit the gnoll with your +0 spear.
You kill the gnoll!
The gnoll hits you but does no damage. The gnoll hits you with a +0 halberd.
You die... "What!?
That's it?"

....# ..... ... #
... .### #.# ...
... #.# ... #.##)#
#.# ## #..#)# #.#
##. #g@(# #.# #..
##..# #.# ##..
#..###.## #.†.
##......#######...
#.###.......)....
#.# #.#####..##..
#)# #.#####..##..
#.# #[......>####
..# #<.#######


You could see a gnoll.

Vanquished Creatures
  Sigmund (D:2)
  3 bombardier beetles (D:4)
  A gnoll bouda (D:3)
  A hound (D:3)
  An iguana (D:3)
  2 adders
  7 gnolls
  7 dart slugs
  2 orcs (D:4)
  5 ball pythons
  8 bats
  7 endoplasms
  3 giant cockroaches
  8 goblins
  4 hobgoblins
  5 jackals (D:1)
  6 quokkas
  3 frilled lizards (D:1)
  6 kobolds
  23 rats
103 creatures vanquished.

Vanquished Creatures (collateral kills)
  A jackal (D:1)
1 creature vanquished.

Vanquished Creatures (others)
  A rat (D:2)
1 creature vanquished.

Grand Total: 105 creatures vanquished

Notes
Turn   | Place    | Note
-------+----------+-------------------------------------------
     0 | D:1      | ezpacito the Coglin Chaos Knight began the quest for the
                  | Orb.
     0 | D:1      | Reached XP level 1. HP: 18/18 MP: 1/1
    24 | D:1      | Reached skill level 1 in Dodging
    77 | D:1      | Reached XP level 2. HP: 19/24 MP: 2/2
   106 | D:1      | Found a faded altar of an unknown god.
   229 | D:1      | Reached XP level 3. HP: 29/29 MP: 3/3
   241 | D:1      | XOM: potion effect (haste)
   776 | D:1      | Reached XP level 4. HP: 35/35 MP: 4/4
   814 | D:1      | XOM: cloud trail
  1237 | D:2      | XOM: give mutations
  1237 | D:2      | Gained mutation: Your system is resistant to poisons.
                  | (rPois) [Xom's grace]
  1237 | D:2      | Gained mutation: Your mind is acute. (Int +4, Str/Dex -1)
                  | [Xom's grace]
  1280 | D:2      | Reached skill level 1 in Stealth
  1451 | D:2      | Learned a level 2 spell: Blink
  1473 | D:2      | Noticed Sigmund
  1479 | D:2      | Lost mutation: Your system is resistant to poisons. (rPois)
                  | [potion of mutation]
  1479 | D:2      | Lost mutation: Your mind is acute. (Int +4, Str/Dex -1)
                  | [potion of mutation]
  1479 | D:2      | Gained mutation: Your muscles are strong. (Str +4, Int/Dex
                  | -1) [potion of mutation]
  1479 | D:2      | Gained mutation: You are strong-willed. (Will+) [potion of
                  | mutation]
  1479 | D:2      | Gained mutation: Your mind is acute. (Int +4, Str/Dex -1)
                  | [potion of mutation]
  1479 | D:2      | Gained mutation: You are highly strong-willed. (Will++)
                  | [potion of mutation]
  1480 | D:2      | XOM: divination: detect items
  1491 | D:2      | Killed Sigmund
  1492 | D:2      | Reached skill level 1 in Polearms
  1492 | D:2      | Reached skill level 1 in Evocations
  1492 | D:2      | Reached XP level 5. HP: 42/42 MP: 4/6
  1492 | D:2      | Reached XP level 6. HP: 48/48 MP: 4/7
  1598 | D:2      | XOM: god gift: 39 gold pieces
  1665 | D:2      | XOM: polymorph adder -> hobgoblin
  1818 | D:3      | Reached skill level 1 in Spellcasting
  1992 | D:3      | XOM: give mutation
  1992 | D:3      | Gained mutation: Your health recovers twice as slowly from
                  | being drained. [Xom's mischief]
  2072 | D:3      | XOM: 6-stop teleportation journey
  2190 | D:3      | Found a basalt altar of Yredelemnul.
  2456 | D:3      | XOM: silly message
  2632 | D:4      | Reached XP level 7. HP: 54/54 MP: 8/8
  2706 | D:4      | XOM: give mutations
  2706 | D:4      | Gained mutation: You are extremely strong-willed. (Will+++)
                  | [Xom's mischief]
  2706 | D:4      | Gained mutation: You are clumsy. (Dex -2) [Xom's mischief]
  2706 | D:4      | Lost mutation: Your muscles are strong. (Str +4, Int/Dex
                  | -1) [Xom's mischief]
  2706 | D:4      | Gained mutation: You are frail. (-10% HP) [Xom's mischief]
  3043 | D:4      | Slain by a gnoll

Illustrated notes

Levels and vault maps discovered:
D:1:      dpeg_arrival_subterranean_lakeside_camping, layout_basic,
          ebering_ecumenical_altar_rust
D:2:      layout_loops_ring, minmay_rat_hole, uniq_sigmund
D:3:      layout_loops_cross, lemuel_round_altar, minivault_27,
          nicolae_grassy_gnolls
D:4:      layout_basic, minmay_temple_entry_overgrown

Skill      XL: |  1  2  3  4  5  6 |
---------------+-------------------+-----
Dodging        | 1 2 |  2.6
Armour         | 2 3 |  3.2
Stealth        | 1 |  1.8
Polearms       | 1 |  1.6
Evocations     | 1 2 |  2.2
Spellcasting   | 1 |  1.3
Axes           | 4 |  4.3
Fighting       | 4 |  4.3

Action                     |  1- 3 |  4- 6 |  7- 9 || total
---------------------------+-------+-------+-------++-------
  Melee: Hand axe          |    65 |    87 |    27 ||   179
         Dagger            |    46 |       |       ||    46
         Spear             |    26 |    98 |    41 ||   165
    Use: Potion            |       |     6 |       ||     6
         Scroll            |       |     1 |    10 ||    11
   Stab: Sleeping          |     3 |     1 |     1 ||     5
         Distracted        |     1 |       |       ||     1
 Armour: Leather armour    |    57 |    33 |    10 ||   100
         Skin              |       |     3 |       ||     3
         Plate armour      |       |       |    26 ||    26
  Dodge: Dodged            |    52 |    31 |    13 ||    96

Table legend: (Time is in decaauts)
 A = Elapsed time spent in this place.
 B = Non-inter-level travel time spent in this place.
 C = Inter-level travel time spent in this place.
 D = Time resting spent in this place.
 E = Time spent auto-exploring this place.
 F = Levels seen in this place.
 G = Mean time per level.
                   A        B        C        D        E       F      G
               +--------+--------+--------+--------+--------+-----+--------+
         Total |   3018 |   2834 |    184 |    179 |   2065 |   4 |  754.5 |
       Dungeon |   3018 |   2834 |    184 |    179 |   2065 |   4 |  754.5 |
               +--------+--------+--------+--------+--------+-----+--------+

Top non-repeatable levels by time:
     D:1: 941 daAuts
     D:3: 858 daAuts
     D:2: 840 daAuts
     D:4: 378 daAuts
